 Dungeon Crawl Stone Soup version 0.30-a0-626-gd6a5dd7a1f (webtiles) character file.

Game seed: 8759336757980783257

41643 acebull12 the Unseen (level 13, -2/58 HPs)
             Began as a Spriggan Earth Elementalist on Jan 11, 2023.
             Was a High Priest of Dithmenos.
             Shot with an arrow by a centaur warrior (16 damage)
             ... on level 14 of the Dungeon.
             The game lasted 01:19:32 (22686 turns).

acebull12 the Unseen (Spriggan Earth Elementalist) Turns: 22686, Time: 01:19:32

Health: -2/58      AC:  9    Str:  8    XL:     13   Next: 81%
Magic:  27/30      EV: 37    Int: 23    God:    Dithmenos [*****.]
Gold:   1309       SH:  0    Dex: 24    Spells: 19/36 levels left

rFire   . . .      SeeInvis +    k - +0 rapier (holy)
rCold   . . .      Faith    .    (no shield)
rNeg    . . .      Spirit   .    E - +2 robe of the Stag {Int+4}
rPois   .          Reflect  .    W - +2 hat
rElec   .          Harm     .    F - +2 cloak
rCorr   .          Rampage  .    (gloves unavailable)
Will    ++...                    (boots unavailable)
Stlth   ++++++++++               i - amulet of the acrobat
HPRegen 0.29/turn                Y - ring of flight
MPRegen 0.22/turn                V - ring "Wyotzam" {Str+4 Dex+6}

@: acrobatic, flying, wreathed by umbra, very quick
A: very small, no large weapons, unfitting armour, see invisible, speed 3
a: Renounce Religion, Shadow Step, Shadow Form


You were on level 14 of the Dungeon.
You worshipped Dithmenos.
Dithmenos was extremely pleased with you.
You visited 4 branches of the dungeon, and saw 20 of its levels.
You also visited: Sewer and Ossuary.

You collected 1414 gold pieces.
You spent 105 gold pieces at shops.

Inventory:

Hand Weapons
 k - a +0 rapier of holy wrath (weapon)
 u - a +2 dagger of electrocution
 I - a +5 dagger of venom
Missiles
 B - 141 stones
 L - 2 throwing nets
Armour
 a - +0 steam dragon scales
 E - the +2 robe of the Stag (worn) {Int+4}
   (You found it on level 6 of the Dungeon)

   Int:       It affects your intelligence (+4).
 F - a +2 cloak (worn)
 W - a +2 hat (worn)
Jewellery
 i - an amulet of the acrobat (around neck)
 m - a +4 ring of protection
 p - an amulet of regeneration
 G - a ring of resist corrosion
 K - a ring of ice
 O - an amulet of reflection
 S - a +6 ring of strength
 T - an amulet of magic regeneration
 U - a ring of positive energy
 V - the ring "Wyotzam" (right hand) {Str+4 Dex+6}
   (You found it on level 13 of the Dungeon)

   [ring of dexterity]

   Str:       It affects your strength (+4).
   Dex:       It affects your dexterity (+6).
 Y - a ring of flight (left hand)
Wands
 g - a wand of flame (14)
 r - a wand of iceblast (7)
 z - a wand of light (6)
 D - a wand of polymorph (20)
 M - a wand of charming (14)
Scrolls
 e - 3 scrolls of blinking
 f - 5 scrolls of fog
 h - 4 scrolls of enchant weapon {unknown}
 j - a scroll of brand weapon {unknown}
 l - 5 scrolls of enchant armour
 n - a scroll of noise {unknown}
 w - 3 scrolls of butterflies {unknown}
 x - 7 scrolls of teleportation
 C - a scroll of magic mapping {unknown}
 H - 4 scrolls of fear
 J - 3 scrolls of poison {unknown}
 Q - 2 scrolls of acquirement {unknown}
 R - 2 scrolls of amnesia
Potions
 b - 7 potions of magic
 c - 2 potions of heal wounds
 d - 5 potions of haste
 o - 2 potions of experience {unknown}
 s - 7 potions of curing
 t - 9 potions of might
 v - 6 potions of brilliance
 A - 3 potions of invisibility
 P - a potion of ambrosia {unknown}
 X - 2 potions of cancellation {unknown}
 Z - a potion of resistance {unknown}
Miscellaneous
 N - a condenser vane


   Skills:
 + Level 1.7 Fighting
 * Level 9.5 Short Blades
 + Level 5.5 Dodging
 * Level 15.7 Stealth
 - Level 12.0 Spellcasting
 + Level 1.2 Conjurations
 - Level 9.0 Transmutations
 * Level 14.8 Earth Magic


You had 19 spell levels left.
You knew the following spells:

 Your Spells              Type           Power      Damage    Failure   Level
a - Sandblast             Erth           100%       2d20      0%          1
b - Petrify               Tmut/Erth      62%        N/A       1%          4
c - Shatter               Erth           35%        3d28*     100%        9
d - Stone Arrow           Conj/Erth      100%       3d13      1%          3

Your spell library contained the following spells:

 Spells                   Type           Power      Damage    Failure   Level
 Passwall                 Tmut/Erth      51%        N/A       1%          2
 Ice Form                 Ice/Tmut       34%        N/A       7%          4
 Hailstorm                Conj/Ice       16%        3d6       11%         3
 Gell's Gravitas          Tloc           13%        N/A       14%         3
 Ozocubu's Armour         Ice            13%        N/A       14%         3
 Teleport Other           Tloc           13%        N/A       14%         3
 Metabolic Englaciation   Hex/Ice        6%         N/A       77%         5
 Summon Forest            Summ/Tloc      6%         N/A       77%         5
 Summon Mana Viper        Hex/Summ       13%        N/A       77%         5
 Dispersal                Tloc           6%         N/A       100%        6
 Simulacrum               Ice/Necr       6%         N/A       100%        6
 Summon Cactus Giant      Summ           6%         N/A       100%        6
 Chain Lightning          Conj/Air       8%         3d10      100%        9
 Fire Storm               Conj/Fire      8%         8d2       100%        9


Dungeon Overview and Level Annotations

Branches:
Dungeon (14/15)            Temple (1/1) D:7            Lair (3/5) D:11
  Swamp (0/4) Lair:2          Orc (2/2) D:11            Elf (0/3) Orc:2
 Vaults (0/5) D:14          Sewer (visited)         Ossuary (visited)
  Snake: Lair:2-3    Spider: Lair:2-3

Altars:
Ashenzari
Cheibriados
Dithmenos
Elyvilon
Fedhas
Gozag
Hepliaklqana
Kikubaaqudgha
Makhleb
Nemelex Xobeh
Okawaru
Qazlal
Ru
Sif Muna
Trog
Uskayaw
Vehumet
Wu Jian
Xom
Yredelemnul
Zin
The Shining One

Shops:
D:4 ?   D:5 *?((   D:8 *

Annotations:
D:9 3 runed translucent doors, pigah's ghost, novice OpWn


Innate Abilities, Weirdness & Mutations

You are very small and have problems with some larger weapons.
You are too small for most types of armour.
You have supernaturally acute eyesight. (SInv)
You cover ground extremely quickly. (Speed+++)


Message History

The centaur warrior completely misses you.
The centaur warrior closely misses you.
You hit the centaur warrior but do no damage.
Your shadow barely misses the centaur warrior.
The centaur warrior closely misses you.
The centaur warrior kicks you but does no damage.
The boulder beetle leaps!
The centaur warrior wields a +0 shortbow.
The centaur warrior shoots an arrow.
The arrow hits you!!
The boulder beetle completely misses you.
There is a large open door, spattered with blood here.
The centaur warrior shoots an arrow.
The arrow completely misses you. The boulder beetle closely misses you.
The boulder beetle completely misses you.
Casting: Petrify (safe; 1% risk of failure)
Confirm with . or Enter, or press ? or * to list all spells.
Aiming: Petrify (safe; 1% risk of failure)
Press: ? - help, Shift-Dir - straight line You can't see that place. [a gate to the Vaults.]
Okay, then.
Casting: Petrify (safe; 1% risk of failure)
Confirm with . or Enter, or press ? or * to list all spells.
Aiming: Petrify (safe; 1% risk of failure)
Press: ? - help, Shift-Dir - straight line, f - boulder beetle
Aim: a boulder beetle (umbra, chance to affect: 60%)
The boulder beetle is moving more slowly.
The boulder beetle bites you!!
Casting: Petrify (safe; 1% risk of failure)
Confirm with . or Enter, or press ? or * to list all spells.
Aiming: Petrify (safe; 1% risk of failure)
Press: ? - help, Shift-Dir - straight line, p - boulder beetle
Okay, then.
The boulder beetle curls into a ball and begins rolling!
The ironbound preserver gestures wildly while chanting.
The ironbound preserver begins to accept its allies' injuries.
The centaur warrior shoots an arrow.
The arrow hits you!
* * * LOW HITPOINT WARNING * * *
The centaur warrior shoots an arrow.
The arrow hits you!
You die...

#...#.##.#.# #..................
#...#....#.#####.................
#...######.......................
....####.#.......................
##.......#.......................
....####.#......................#
##.......#..................^..##
.......#.#....................##
#.#.####.#######@.#######....##
..#......#∩....#..#.....#...##
.#########.....#..#.....#..##
........ #.....#..#.....#.##
.....### #.....#B.#.....###
.....# #.....#○.#.....# .....#
######''#°c#''##### .....#
......†.°........... .....#
........p...........


You could see a boulder beetle (rolling, sheltered, petrifying) and a centaur
warrior (sheltered).

Vanquished Creatures
  Erolcha (D:9)
  A hydra (D:8)
  The ghost of Zedil the Slicer, a journeyman VSBr of Ru (D:13)
  2 boulder beetles
  3 centaur warriors
  3 two-headed ogres
  A catoblepas (D:14)
  Amaemon (D:8)
  3 skeletal warriors (D:13)
  2 orc knights
  A deep elf pyromancer (D:12)
  Pikel (D:7)
  7 ugly things
  An orc sorcerer (Orc:1)
  A will-o-the-wisp (Lair:2)
  A manticore (D:12)
  5 elephants (Lair:2)
  Joseph (D:10)
  2 black mambas
  3 gargoyles
  6 cane toads
  An unseen horror (shapeshifter) (D:8)
  An orange demon (D:8)
  A kobold demonologist (D:10)
  An unseen horror (D:11)
  A rime drake (D:11)
  4 komodo dragons
  A troll (D:10)
  A hornet (D:11)
  8 blink frogs (Lair:1)
  Sigmund (D:6)
  6 slime creatures (D:13)
  6 wraiths
  A vampire (D:9)
  4 basilisks
  14 yaks
  2 wyverns
  2 steam dragons
  12 vampire mosquitoes
  Menkaure (D:6)
  2 wargs (D:13)
  Duvessa (D:7)
  2 acid dragons
  6 water moccasins
  11 orc warriors
  2 sky beasts
  9 ice beasts
  29 wolves
  9 centaurs
  3 ogres
  2 kobold brigands (D:7)
  A gnoll sergeant (D:8)
  3 necrophages
  6 bullfrogs
  3 scorpions
  An elf skeleton (D:4)
  20 wights
  Dowan (D:7)
  8 killer bees
  An electric eel (D:11)
  2 howler monkeys
  A centaur zombie (D:9)
  3 jellies
  4 hounds
  8 orc priests
  Jessica (D:2)
  Ijyb (D:4)
  2 gnoll boudas
  3 human skeletons (D:4)
  2 iguanas
  A hell rat (Sewer)
  9 orc wizards
  8 mummies (Ossuary)
  Robin (D:3)
  A howler monkey zombie (D:9)
  6 adders
  14 gnolls
  2 river rats
  2 shadow imps
  7 white imps
  2 ufetubi (D:5)
  4 worms
  3 dart slugs (D:5)
  45 orcs
  6 ball pythons
  7 endoplasms
  3 giant cockroaches
  13 goblins
  15 hobgoblins
  10 jackals
  16 kobolds
  6 quokkas
  3 bats
  3 gnoll zombies (Ossuary)
  2 kobold zombies (Ossuary)
  An orc skeleton (D:4)
  4 orc zombies
  11 rats
467 creatures vanquished.

Vanquished Creatures (others)
  12 fungi
  4 plants (Lair:2)
16 creatures vanquished.

Grand Total: 483 creatures vanquished

Notes
Turn   | Place    | Note
-------+----------+-------------------------------------------
     0 | D:1      | acebull12 the Spriggan Earth Elementalist began the quest
                  | for the Orb.
     0 | D:1      | Reached XP level 1. HP: 9/9 MP: 5/5
   228 | D:1      | Reached XP level 2. HP: 13/13 MP: 2/6
   914 | D:1      | Reached XP level 3. HP: 16/16 MP: 6/8
  1152 | D:1      | Found a faded altar of an unknown god.
  1465 | D:2      | Noticed Jessica
  1469 | D:2      | Killed Jessica
  2595 | D:3      | Reached XP level 4. HP: 16/21 MP: 4/11
  3119 | D:3      | Noticed Robin
  3159 | D:3      | Killed Robin
  3859 | D:3      | Reached XP level 5. HP: 24/24 MP: 10/12
  3915 | D:4      | Found Piemm's Magic Scroll Shop.
  4140 | D:4      | Found a sand-covered staircase.
  4159 | D:4      | Reached skill level 4 in Stealth
  4159 | D:4      | Reached XP level 6. HP: 26/28 MP: 10/14
  4174 | Ossuary  | Entered an ossuary
  4226 | Ossuary  | Learned a level 4 spell: Petrify
  4281 | Ossuary  | Reached skill level 5 in Spellcasting
  4550 | Ossuary  | Reached skill level 1 in Short Blades
  4835 | D:4      | Noticed Ijyb
  4858 | D:4      | Killed Ijyb
  5113 | D:4      | Found a burning altar of Makhleb.
  5119 | D:4      | Reached skill level 5 in Earth Magic
  5910 | D:4      | Bought a scroll of blinking for 105 gold pieces
  5913 | D:5      | Entered Level 5 of the Dungeon
  5945 | D:5      | Reached XP level 7. HP: 31/32 MP: 8/16
  6601 | D:5      | Found Gecag's Weapon Emporium.
  6638 | D:5      | Reached skill level 5 in Stealth
  6794 | D:5      | Found a shimmering blue altar of Sif Muna.
  6835 | D:5      | Found Nuacaux's Weapon Shop.
  6869 | D:5      | Found Itsoatag's Magic Scroll Shoppe.
  6870 | D:5      | Found Ciecvof's Assorted Antiques.
  7246 | D:6      | Reached XP level 8. HP: 36/36 MP: 15/19
  7337 | D:6      | Identified the +2 robe of the Stag {Int+4}
  7356 | D:6      | Noticed Menkaure
  7427 | D:6      | Killed Menkaure
  7514 | D:6      | Reached skill level 6 in Stealth
  7528 | D:6      | Noticed Sigmund
  7593 | D:6      | Found a glowing drain.
  7597 | Sewer    | Entered a sewer
  7909 | D:6      | Reached XP level 9. HP: 39/39 MP: 19/22
  7999 | D:6      | Reached skill level 5 in Transmutations
  8064 | D:6      | Killed Sigmund
  8703 | D:7      | Found a staircase to the Ecumenical Temple.
  8711 | Temple   | Entered the Ecumenical Temple
  8939 | Temple   | Became a worshipper of Dithmenos the Shadowed
  9299 | D:7      | Reached skill level 7 in Stealth
  9635 | D:7      | Noticed Pikel
  9648 | D:7      | Killed Pikel
  9648 | D:7      | Reached * piety under Dithmenos
  9925 | D:7      | Noticed Duvessa
  9927 | D:7      | Noticed Dowan
  9930 | D:7      | Killed Dowan
  9945 | D:7      | Killed Duvessa
  9946 | D:7      | Reached skill level 8 in Stealth
 10236 | D:8      | Reached XP level 10. HP: 36/44 MP: 19/23
 10583 | D:8      | Reached skill level 5 in Short Blades
 10632 | D:8      | Found Xiyfisynk's Assorted Antiques.
 10721 | D:8      | Noticed Amaemon
 10722 | D:8      | Noticed an orange demon
 10726 | D:8      | Reached skill level 9 in Stealth
 10915 | D:8      | Killed Amaemon
 10916 | D:8      | Reached skill level 10 in Earth Magic
 10932 | D:8      | Killed an orange demon
 11070 | D:8      | Identified the +10 shortbow of the Sky {drain, rF++ Str-3}
 11192 | D:8      | Noticed a seven-headed hydra
 11205 | D:8      | Killed a seven-headed hydra
 11216 | D:8      | Identified the +6 great mace "Tattletale" {venom, *Slow
                  | rElec rPois Str+4}
 11499 | D:8      | Reached ** piety under Dithmenos
 12105 | D:9      | Found an opulent altar of Gozag.
 12240 | D:9      | Noticed Erolcha
 12244 | D:9      | Killed Erolcha
 12245 | D:9      | Reached skill level 10 in Stealth
 12245 | D:9      | Reached XP level 11. HP: 48/48 MP: 24/24
 12373 | D:9      | Found a runed translucent gate.
 12373 | D:9      | Found a runed translucent gate.
 12373 | D:9      | Found a runed translucent gate.
 12373 | D:9      | Noticed pigah's ghost (novice OpWn)
 12375 | D:9      | Found a basalt altar of Yredelemnul.
 12715 | D:9      | Reached *** piety under Dithmenos
 12971 | D:10     | Entered Level 10 of the Dungeon
 13295 | D:10     | Found an ancient bone altar of Kikubaaqudgha.
 13426 | D:10     | Found a blossoming altar of Fedhas.
 13481 | D:10     | Noticed Joseph
 13514 | D:10     | Killed Joseph
 14133 | D:10     | Learned a level 9 spell: Shatter
 14586 | D:11     | Found a staircase to the Lair.
 14590 | D:11     | Noticed a two-headed ogre
 14604 | D:11     | Killed a two-headed ogre
 14619 | D:11     | Reached skill level 11 in Stealth
 14751 | D:11     | Found a staircase to the Orcish Mines.
 15221 | D:12     | Noticed a boulder beetle
 15233 | D:12     | Killed a boulder beetle
 15252 | D:12     | Noticed a red ugly thing
 15260 | D:12     | Killed a red ugly thing
 15373 | D:12     | Reached **** piety under Dithmenos
 15374 | D:12     | Reached XP level 12. HP: 52/52 MP: 26/26
 15433 | D:12     | Reached skill level 1 in Fighting
 15733 | D:12     | Reached skill level 12 in Stealth
 16037 | Lair:1   | Entered Level 1 of the Lair of Beasts
 16045 | Lair:1   | Reached skill level 10 in Spellcasting
 17515 | Lair:2   | Reached skill level 13 in Stealth
 18028 | Lair:2   | Learned a level 3 spell: Stone Arrow
 18356 | Lair:2   | Found a staircase to the Swamp.
 18446 | Lair:2   | Reached XP level 13. HP: 57/57 MP: 26/29
 19016 | Lair:3   | Found a white marble altar of Elyvilon.
 19253 | Orc:1    | Entered Level 1 of the Orcish Mines
 19530 | Orc:2    | Entered Level 2 of the Orcish Mines
 19530 | Orc:2    | Found a staircase to the Elven Halls.
 19815 | D:11     | Reached skill level 14 in Stealth
 20005 | D:11     | You fall into a shaft and drop 3 floors!
 20603 | D:13     | Reached skill level 5 in Dodging
 20984 | D:13     | Found a runed translucent door.
 21166 | D:13     | Reached skill level 15 in Stealth
 21832 | D:13     | Found a sparkling altar of Nemelex Xobeh.
 22069 | D:13     | Noticed Zedil's ghost (journeyman VSBr)
 22077 | D:13     | Killed Zedil's ghost
 22078 | D:13     | Reached skill level 1 in Conjurations
 22078 | D:13     | Identified the ring "Wyotzam" {Str+4 Dex+6}
 22248 | D:14     | Reached ***** piety under Dithmenos
 22594 | D:14     | Found a gate to the Vaults.
 22594 | D:14     | Noticed an ironbound preserver
 22686 | D:14     | Shot with an arrow by a centaur warrior

Illustrated notes

Levels and vault maps discovered:
D:1:      arrival_zaba_pyramid, layout_basic,
          shapermc_ecumenical_altar_mp_highgroup, minmay_pentomino_z4
D:2:      layout_basic, uniq_jessica
D:3:      layout_basic, uniq_robin
D:4:      layout_layer_cave, makhleb_heckhound_becter,
          nicolae_ossuary_entry_catacombs, serial_shops, nicolae_stop_n_shop_2,
          uniq_ijyb
D:5:      layout_rooms, mainiacjoe_overflow_concentric_impassable, serial_shops,
          shop, shop, nicolae_shop_stone, nicolae_lakefront_shop
D:6:      layout_basic, gup_sewer_entry_spiral, grunt_ministairs_6,
          uniq_sigmund, uniq_menkaure
D:7:      layout_loops_corners, minmay_temple_entry_mist, uniq_pikel,
          uniq_duvessa
D:8:      minmay_cut_squares, layout_gridville, serial_shops, shop, uniq_amaemon
D:9:      layout_roguey, nicolae_gozag_seed_capital,
          nicolae_yredelemnul_ghost_church, kennysheep_generic_room_9,
          uniq_erolcha
D:10:     layout_irregular_city, kiku_gazebo_garden_becter,
          nicolae_overflow_crystal_walls, amethyst_killhole, uniq_joseph
D:11:     layout_loops_ring, hellmonk_lair_entry_icy, erik_orc_2
D:12:     layout_roguey
D:13:     layout_long_grid, ebering_ghost_reflecting_pool,
          nemelex_spade_bored_becter
D:14:     layout_basic, skrybe_vaults_entry_preservation, serial_rivers,
          chequers_serial_rivers_small_3, chequers_serial_rivers_micro_e,
          chequers_serial_rivers_small_a, chequers_serial_rivers_marsh,
          chequers_serial_rivers_micro_e, chequers_serial_rivers_large_a
Temple:   compressed_dpeg_triangle_lava_temple
Lair:1:   layout_regular_city
Lair:2:   layout_chaotic_city, minmay_swamp_entry_wisps,
          grunt_forest_large_clearings
Lair:3:   layout_regular_city, dummy_snake_entry, basic_altar
Orc:1:    layout_caves
Orc:2:    st_orc_ogre_mass, layout_caves, serial_shops, nicolae_shop_waterfront,
          nooodl_orcs_dogs

Skill      XL: |  1  2  3  4  5  6  7  8  9 10 11 12 13 |
---------------+----------------------------------------+-----
Earth Magic    | 3 4 5 7 9 11 12 13 14 | 14.8
Spellcasting   | 3 4 5 7 8 9 11 12 | 12.0
Transmutations | 2 3 4 6 7 8 9 |  9.0
Stealth        | 4 5 6 8 10 11 13 15 | 15.7
Short Blades   | 1 2 3 4 6 7 8 9 |  9.5
Dodging        | 3 4 5 |  5.5
Fighting       | 1 |  1.7
Conjurations   | 1 |  1.2

Action                   |  1- 3 |  4- 6 |  7- 9 | 10-12 | 13-15 || total
-------------------------+-------+-------+-------+-------+-------++-------
Melee: Dagger            |       |    22 |    23 |   213 |   105 ||   363
       Punch             |       |     1 |       |     6 |     1 ||     8
       Rapier            |       |       |       |       |    26 ||    26
Throw: Throwing net      |       |       |       |       |     1 ||     1
 Cast: Sandblast         |    53 |   154 |   168 |   302 |    57 ||   734
       Petrify           |       |       |     6 |    53 |    28 ||    87
       Stone Arrow       |       |       |       |     9 |    40 ||    49
Invok: Shadow Step       |       |       |       |     1 |       ||     1
  Use: Scroll            |       |     7 |     4 |     6 |     2 ||    19
       Potion            |       |       |       |     2 |       ||     2
 Stab: Petrified         |       |       |     9 |    33 |    18 ||    60
       Sleeping          |       |       |     1 |    18 |    10 ||    29
       Petrifying        |       |       |       |     4 |     3 ||     7
       Held in net/web   |       |       |       |       |     1 ||     1
Armor: Robe              |     1 |     5 |     9 |    53 |    36 ||   104
Dodge: Dodged            |     9 |    34 |    42 |   333 |   133 ||   551

Table legend: (Time is in decaauts)
 A = Elapsed time spent in this place.
 B = Non-inter-level travel time spent in this place.
 C = Inter-level travel time spent in this place.
 D = Time resting spent in this place.
 E = Time spent auto-exploring this place.
 F = Levels seen in this place.
 G = Mean time per level.
                   A        B        C        D        E       F      G
               +--------+--------+--------+--------+--------+-----+--------+
         Total |  16841 |  15783 |   1058 |   1884 |   9388 |  22 |  765.5 |
       Dungeon |  13511 |  12682 |    829 |   1415 |   7704 |  14 |  965.1 |
        Temple |    144 |    140 |      4 |      0 |    117 |   1 |  144.0 |
          Lair |   2350 |   2145 |    205 |    278 |   1238 |   3 |  783.3 |
  Orcish Mines |    238 |    219 |     19 |      0 |    146 |   2 |  119.0 |
         Sewer |    147 |    147 |      0 |     50 |     48 |   1 |  147.0 |
       Ossuary |    450 |    450 |      0 |    140 |    132 |   1 |  450.0 |
               +--------+--------+--------+--------+--------+-----+--------+

Top non-repeatable levels by time:
     D:4: 1359 daAuts
    D:13: 1230 daAuts
     D:8: 1192 daAuts
  Lair:2: 1155 daAuts
     D:3: 1107 daAuts
    D:11: 1065 daAuts
     D:1: 998 daAuts
     D:7: 988 daAuts
     D:6: 962 daAuts
     D:9: 924 daAuts
  Lair:1: 884 daAuts
    D:12: 863 daAuts
     D:2: 769 daAuts
    D:10: 759 daAuts
    D:14: 733 daAuts
